 Dungeon Crawl Stone Soup version 0.26.0-20-g3ca415f5b8 (webtiles) character file.

Game seed: 18252137757933192184

72 kaeus the Firebug (level 4, -9/24 HPs)
             Began as a Gargoyle Fire Elementalist on Jan 26, 2021.
             Mangled by a gnoll
             ... wielding a +0 mace
              (11 damage)
             ... on level 1 of the Dungeon.
             The game lasted 00:02:01 (2657 turns).

kaeus the Firebug (Gargoyle Fire Elementalist)      Turns: 2657, Time: 00:02:02

Health: -9/24      AC:  6    Str: 11    XL:     4   Next: 25%
Magic:  6/7        EV: 11    Int: 17    God:
Gold:   137        SH:  0    Dex: 10    Spells: 6/7 levels left

rFire    x . .     SeeInvis .   j - +0 short sword
rCold    + . .     Faith    .   (no shield)
rNeg     + . .     Spirit   .   k - +0 leather armour
rPois    ∞         Reflect  .   (no helmet)
rElec    +         Harm     .   (no cloak)
rCorr    +         Rampage  .   (no gloves)
Will     .....                  (no boots)
Stlth    ++........             (no amulet)
HPRegen  0.08/turn              d - ring of resist corrosion
MPRegen  0.10/turn              i - ring of ice

@: no status effects
A: negative energy resistance 1, electricity resistance, unbreathing,
petrification resistance, miasma immunity, AC +3
a: no special abilities


You were on level 1 of the Dungeon.
You visited 1 branch of the dungeon, and saw 2 of its levels.

You collected 137 gold pieces.

Inventory:

Hand Weapons
 b - a +0 club
 j - a +0 short sword (weapon)
Armour
 k - a +0 leather armour (worn)
Jewellery
 d - a ring of resist corrosion (left hand)
 i - a ring of ice (right hand)
Scrolls
 a - a scroll of fog {unknown}
 c - a scroll of teleportation {unknown}
 e - a scroll of identify {unknown}
 g - a scroll of fear {unknown}
 h - 2 scrolls of remove curse {unknown}
Potions
 f - 2 potions of curing {unknown}
 l - a potion of lignification {unknown}


   Skills:
 - Level 1.5 Dodging
 - Level 2.1 Stealth
 + Level 2.4 Spellcasting
 * Level 2.9 Conjurations
 * Level 3.8 Fire Magic


You had 6 spell levels left.
You knew the following spells:

 Your Spells              Type           Power        Failure   Level
a - Foxfire               Conj/Fire      52%          6%          1

Your spell library contained the following spells:

 Spells                   Type           Power        Failure   Level
 Conjure Flame            Conj/Fire      13%          19%         3
 Inner Flame              Hex/Fire       8%           32%         3
 Sticky Flame             Conj/Fire      13%          52%         4
 Fireball                 Conj/Fire      6%           86%         5


Dungeon Overview and Level Annotations

Branches:
Dungeon (2/15)

Altars:
Trog


Innate Abilities, Weirdness & Mutations

You are resistant to torment.
Your stone body is resilient. (AC +3)
You are immune to poison.
You resist negative energy. (rN+)
You are resistant to electric shocks. (rElec)
You can survive without breathing.
You are immune to petrification.
You are immune to miasma.


Message History

Done exploring.
Health restored: 24 No target in view!
Done exploring.
You climb downwards.
The gnoll hits you with a +0 mace.
There is a stone staircase leading up here.
You take 4 damage, and have 20/24 hp.
The gnoll hits you with a +0 mace.
The gnoll hits you from afar with a +0 halberd!
* * * LOW HITPOINT WARNING * * *
You climb upwards.
There is a stone staircase leading down here.
You take 15 damage, and have 5/24 hp.
MASSIVE DAMAGE!!
You barely miss the gnoll. The gnoll hits you with a +0 mace.
* * * LOW HITPOINT WARNING * * *
You take 3 damage, and have 2/24 hp.
Casting: Foxfire (safe; 6% risk of failure)
Confirm with . or Enter, or press ? or * to list all spells.
You conjure some foxfire!
The gnoll hits you with a +0 mace!
You die...

#.#####.########.#####
#....##.##...........#
#....##..'..†........#
####....#####...........########
#..'....# ##+####'######......
#.##....# #..(......# #......
#.##....# #.........# #......
#.##....# #..g......###......
#.##[...######.@v........+.....)
#.##....#....#.v†...######..(..^
#.##....#....##........[.)......
#.##....#....#..........##......
#.##....#....#..........##......
#.###...................##......
#.# #.###############...########
#.# #.# #####...## ## #†# #.#
####...†....# #.


You could see a gnoll.

Vanquished Creatures
  2 gnolls (D:1)
  An adder (D:2)
  2 dart slugs
  A leopard gecko (D:1)
  4 goblins
  6 hobgoblins
  3 jackals (D:1)
  8 kobolds
  A quokka (D:2)
  3 bats (D:1)
  4 frilled lizards
  3 rats
38 creatures vanquished.

Vanquished Creatures (others)
  113 foxfires
113 creatures vanquished.

Grand Total: 151 creatures vanquished

Notes
Turn   | Place    | Note
-------+----------+-------------------------------------------
     0 | D:1      | kaeus the Gargoyle Fire Elementalist began the quest for
                  | the Orb.
     0 | D:1      | Reached XP level 1. HP: 10/10 MP: 3/3
   253 | D:1      | Reached XP level 2. HP: 15/15 MP: 0/5
   931 | D:1      | Reached XP level 3. HP: 10/19 MP: 1/6
  1738 | D:2      | Found a bloodstained altar of Trog.
  1754 | D:2      | Reached XP level 4. HP: 24/24 MP: 0/7
  2657 | D:1      | Mangled by a gnoll

Illustrated notes

Levels and vault maps discovered:
D:1:      shiori_arrival_maze, layout_basic
D:2:      layout_loops_cross, bloody_makhleb, bloody_trog

Skill      XL: |  1  2 |
---------------+-------+-----
Conjurations   | 2 |  2.9
Dodging        | |  1.5
Stealth        | |  2.1
Spellcasting   | |  2.4
Fire Magic     | |  3.8

Action                   |  1- 3 |  4- 6 || total
-------------------------+-------+-------++-------
Melee: Unarmed           |    11 |       ||    11
       Club              |    38 |       ||    38
       Short sword       |     3 |    13 ||    16
 Cast: Foxfire           |    68 |    12 ||    80
 Stab: Sleeping          |     1 |       ||     1
Armor: Robe              |    13 |       ||    13
       Leather armour    |     1 |     8 ||     9
Dodge: Dodged            |    31 |     8 ||    39
